 Dungeon Crawl Stone Soup version 0.26-a0-154-g3d63440f56 (webtiles) character file.

Game seed: 15702124410351638878

114 Flugslaktarn the Chiller (level 4, 0/21 HPs)
             Began as a Vine Stalker Ice Elementalist on July 1, 2020.
             Succumbed to a worker ant's poison
             ... on level 4 of the Dungeon.
             The game lasted 00:03:49 (774 turns).

Flugslaktarn the Chiller (VSIE)                      Turns: 774, Time: 00:03:50

Health: 0/21       AC:  2    Str: 13    XL:     4   Next: 98%
Magic:  2/10       EV: 11    Int: 16    God:
Gold:   65         SH:  3    Dex: 14    Spells: 9/10 levels left

rFire    x . .     SeeInvis .   i - -1 hand axe (curse)
rCold    + . .     Faith    .   f - +0 buckler
rNeg     . . .     Spirit   +   a - +0 robe
rPois    .         Reflect  .   (no helmet)
rElec    +         Harm     .   p - scarf {repulsion}
rCorr    .                      (no gloves)
MR       +....                  (no boots)
Stlth    +++.......             (no amulet)
HPRegen  0.47/turn              l - ring of stealth
MPRegen  0.12/turn              q - ring of Itargh {Ice rElec MR+ Str+2}

@: lethally poisoned (0 -> -1), stab, repel missiles
A: fangs 2, regeneration 1, magic shield, antimagic bite, no potion heal 3, rot
immunity
a: no special abilities


You were on level 4 of the Dungeon.
You were not hungry.

You visited 1 branch of the dungeon, and saw 4 of its levels.

You collected 65 gold pieces.

Inventory:

Hand Weapons
 b - a +0 short sword
   (You found it on level 1 of the Dungeon)
 i - a cursed -1 hand axe (weapon)
   (You found it on level 2 of the Dungeon)
 s - a +0 trident
   (You found it on level 4 of the Dungeon)
Missiles
 j - 16 arrows
Armour
 a - a +0 robe (worn)
 f - a +0 buckler (worn)
   (You found it on level 2 of the Dungeon)
 p - a scarf of repulsion (worn)
   (You found it on level 4 of the Dungeon)
Jewellery
 l - a ring of stealth (left hand)
   (You found it on level 3 of the Dungeon)
 q - the ring of Itargh (right hand) {Ice rElec MR+ Str+2}
   (You found it on level 4 of the Dungeon)

   [ring of ice]

   It enhances your ice magic.
   It affects your strength (+2).
   It makes you vulnerable to fire.
   It protects you from cold.
   It insulates you from electricity.
   It affects your resistance to hostile enchantments.
Scrolls
 g - a scroll of remove curse {unknown}
 k - 2 scrolls of identify {unknown}
 n - a scroll of fog {unknown}
 r - a scroll of noise {unknown}
 t - a scroll of enchant armour {unknown}
Potions
 e - a potion of might {unknown}
 h - a potion of curing {unknown}
 m - a potion of mutation {unknown}
 o - a potion of magic {unknown}
Comestibles
 c - 3 rations
 u - 2 chunks of flesh


   Skills:
 - Level 1.5 Dodging
 - Level 2.4 Stealth
 + Level 3.9 Spellcasting
 + Level 5.1 Ice Magic


You had 9 spell levels left.
You knew the following spells:

 Your Spells              Type           Power        Failure   Level  Hunger
a - Freeze                Ice            ####         3%          1    None

Your spell library contained the following spells:

 Spells                   Type           Power        Failure   Level  Hunger
 Frozen Ramparts          Ice            ####..       11%         3    ###....
 Ozocubu's Armour         Chrm/Ice       ###.....     30%         3    ###....
 Hailstorm                Conj/Ice       ###.....     69%         4    ####...
 Summon Ice Beast         Ice/Summ       ###.....     69%         4    ####...


Dungeon Overview and Level Annotations

Branches:
Dungeon (4/15)
 Temple: D:4-7

Altars:
Elyvilon
Okawaru
Trog

Annotations:
D:2 Natasha
D:3 Sigmund


Innate Abilities, Weirdness & Mutations

You have extremely sharp teeth.
Your natural rate of healing is unusually fast.
When hurt, damage is shared between your health and your magic reserves.
Your bite disrupts and absorbs the magic of your enemies.
Potions cannot restore your health.
You are immune to rotting.


Message History

Casting: Freeze (safe; 3% risk of failure)
Confirm with . or Enter, or press ? or * to list all spells.
Aiming: Freeze (safe; 3% risk of failure)
Press: ? - help, Shift-Dir - straight line, f - worker ant
Aim: a worker ant You feel a surge of power!
You freeze the worker ant.
The worker ant is moderately wounded.
You feel sick. The worker ant barely misses you.
Casting: Freeze (safe; 3% risk of failure)
Confirm with . or Enter, or press ? or * to list all spells.
Aiming: Freeze (safe; 3% risk of failure)
Press: ? - help, Shift-Dir - straight line, f/p - worker ant
Aim: a worker ant (moderately wounded)
You feel a surge of power!
You freeze the worker ant!
The worker ant is almost dead.
You feel sick. The worker ant bites you.
* * * LOW HITPOINT WARNING * * *
Casting: Freeze (safe; 3% risk of failure)
Confirm with . or Enter, or press ? or * to list all spells.
Aiming: Freeze (safe; 3% risk of failure)
Press: ? - help, Shift-Dir - straight line, f/p - worker ant
Aim: a worker ant (almost dead)
You feel a surge of power!
You freeze the worker ant.
You kill the worker ant!
Unknown command.
You see here a worker ant corpse.
You butcher the worker ant corpse.
You feel sick.
You see here 2 chunks of flesh.
u - 2 chunks of flesh The bullfrog skeleton hits you.
* * * LOW HITPOINT WARNING * * *
You hit the bullfrog skeleton but do no damage.
You bite the bullfrog skeleton, but do no damage.
You feel sick. The bullfrog skeleton hits you.
* * * LOW HITPOINT WARNING * * *
The bullfrog skeleton hits you.
* * * LOW HITPOINT WARNING * * *
It was a potion of stabbing.
You feel ready to backstab.
The bullfrog skeleton barely misses you.
Unknown command.
You hit the bullfrog skeleton.
The bullfrog skeleton is moderately damaged.
The bullfrog skeleton closely misses you.
The bullfrog skeleton hits you.
* * * LOW HITPOINT WARNING * * *
You hit the bullfrog skeleton. You bite the bullfrog skeleton.
You drain its power.
You feel invigorated.
The bullfrog skeleton is moderately damaged.
You die...

## ##.###........
.####...##.#######
.........#.#
.........#.#
.####.##.#.#######
...##.##.........#
....(............# #
............####.#.###.#
.#.##.#..#[.# #@.......
.#>##....#..# #..Z......
.#.####.##..# #...$..#!#
.#.# #. #... .........#
.#.## ##.###......###
....# #$......# #...#
#!#...#.# ##..# #.
#.#... ....#


You could see a bullfrog skeleton.

Vanquished Creatures
  A crimson imp (D:4)
  2 worker ants (D:4)
  An adder (D:3)
  2 dart slugs
  3 leopard geckos
  2 orcs (D:4)
  3 bats
  2 goblins
  A hobgoblin (D:2)
  A frilled lizard (D:2)
  3 rats
21 creatures vanquished.

Notes
Turn   | Place    | Note
-------+----------+-------------------------------------------
     0 | D:1      | Flugslaktarn the Vine Stalker Ice Elementalist began the
                  | quest for the Orb.
     0 | D:1      | Reached XP level 1. HP: 9/9 MP: 4/4
     3 | D:1      | Noticed an electric eel
     3 | D:1      | Noticed an electric eel
   179 | D:2      | Reached XP level 2. HP: 4/13 MP: 4/6
   356 | D:2      | Noticed Natasha
   422 | D:3      | Reached XP level 3. HP: 8/16 MP: 2/8
   471 | D:4      | Gained mutation: Your natural rate of healing is unusually
                  | fast. [Vine Stalker growth]
   471 | D:4      | Reached XP level 4. HP: 12/21 MP: 5/10
   481 | D:4      | Found an iron altar of Okawaru.
   544 | D:3      | Noticed Sigmund
   588 | D:4      | Found a bloodstained altar of Trog.
   636 | D:4      | Got a coiled turquoise ring
   637 | D:4      | Identified the ring of Itargh {Ice rElec MR+ Str+2} (You
                  | found it on level 4 of the Dungeon)
   683 | D:4      | Found a white marble altar of Elyvilon.
   760 | D:4      | Reached skill level 5 in Ice Magic
   773 | D:4      | HP: 1/21 [bullfrog skeleton (4)]
   774 | D:4      | Succumbed to a worker ant's poison

Illustrated notes

Levels and vault maps discovered:
D:1:      arrival_aquarium_b, layout_loops_corners
D:2:      cheibrodos_old_hovel, layout_basic, first_ration, uniq_jessica,
          uniq_natasha, uniq_crazy_yiuf_cottage
D:3:      layout_loops_cross, old_standard_altar,
          nicolae_dithmenos_shadow_blocks, uniq_sigmund, uniq_grinder
D:4:      layout_loops_ring, lemuel_coloured_pillars_altar, elyvilon_altar_1,
          lemuel_doored_altar, nicolae_ossuary_entry_monument,
          grunt_ministairs_14

Skill      XL: |  1  2  3  4 |
---------------+-------------+-----
Spellcasting   | 3 |  3.9
Ice Magic      | 5 |  5.1
Dodging        | |  1.5
Stealth        | |  2.4

Action                   |  1- 3 |  4- 6 || total
-------------------------+-------+-------++-------
Melee: Short sword       |     6 |       ||     6
       Bite              |     1 |     3 ||     4
       Hand axe          |     3 |     8 ||    11
 Cast: Freeze            |    28 |    17 ||    45
  Use: Potion            |       |     1 ||     1
 Stab: Sleeping          |     2 |       ||     2
Armor: Robe              |     5 |     1 ||     6
Dodge: Dodged            |    19 |     7 ||    26
Block: Buckler           |     4 |     7 ||    11

Table legend:
 A = Non-vault XP
 B = Vault XP
 C = Vault XP percentage of total XP
 D = Non-vault monster count
 E = Vault monster count
 F = Vault count percentage of total count
                 A         B        C        D         E       F
            +---------+---------+-------+---------+---------+-------
      Total |     160 |       4 |   2.4 |      20 |       1 |   4.8
            +---------+---------+-------+---------+---------+-------
        D:1 |       9 |       0 |   0.0 |       4 |       0 |   0.0
        D:2 |      11 |       4 |  26.7 |       6 |       1 |  14.3
        D:3 |      19 |       0 |   0.0 |       4 |       0 |   0.0
        D:4 |     121 |       0 |   0.0 |       6 |       0 |   0.0
            +---------+---------+-------+---------+---------+-------
